 Dungeon Crawl Stone Soup version 0.31.0-1-g2c135a0 (webtiles) character file.

Game seed: 3790049828560504187

203 brinewave the Ruffian (level 5, 0/53 HPs)
             Began as a Troll Fighter on Jan 26, 2024.
             Slain by a gnoll sergeant
             ... wielding a +1 heavy trident
              (6 damage)
             ... on level 3 of the Dungeon.
             The game lasted 00:05:56 (1822 turns).

brinewave the Ruffian (Troll Fighter)               Turns: 1822, Time: 00:05:57

Health: 0/53       AC:  4    Str: 26    XL:     5   Next: 51%
Magic:  4/4        EV:  9    Int:  4    God:
Gold:   51         SH:  8    Dex:  9    Spells: 4/4 levels left

rFire   . .          .
                       - Unarmed
rCold   . . .        b - +0 kite shield
rNeg    . . .        a - +0 robe
rPois   .            (helmet restricted)
rElec   .            (no cloak)
rCorr   .            (gloves unavailable)
SInv    .            (boots unavailable)
Will    .....        (no amulet)
Stlth   +            (no ring)
HPRegen 1.08/turn    (no ring)
MPRegen 0.09/turn

%: no passive effects
@: no status effects
A: large, unfitting armour, claws 3, regeneration 1, shaggy fur 1, tough skin 1
a: no special abilities


You were on level 3 of the Dungeon.
You visited 1 branch of the dungeon, and saw 3 of its levels.

You collected 51 gold pieces.

Inventory:

Hand Weapons
 q - the +5 woodcutter's axe
   (You took it off a gnoll on level 3 of the Dungeon)
Missiles
 e - 28 stones (quivered)
Armour
 a - a +0 robe (worn)
 b - a +0 kite shield (worn)
Jewellery
 n - a ring of fire
Scrolls
 d - a scroll of amnesia {unknown}
 f - a scroll of silence {unknown}
 j - a scroll of immolation {unknown}
 k - a scroll of fog {unknown}
 m - a scroll of torment {unknown}
 o - a scroll of revelation {unknown}
 p - a scroll of teleportation {unknown}
Potions
 c - a potion of might
 g - a potion of enlightenment
 h - a potion of heal wounds
 i - a potion of resistance {unknown}
 l - a potion of curing {unknown}


   Skills:
 + Level 3.1 Fighting
 + Level 1.9 Throwing
 - Level 2.4 Dodging
 + Level 3.5 Shields
 * Level 3.9 Unarmed Combat


You had 4 spell levels left.
You didn't know any spells.
Your spell library contained the following spells:

 Spells                   Type           Power      Damage    Failure   Level
 Anguish                  Hex/Necr       0%         N/A       100%        4
 Cause Fear               Hex            0%         N/A       100%        4
 Enfeeble                 Hex            0%         N/A       100%        7


Dungeon Overview and Level Annotations

Branches:
Dungeon (3/15)

Altars:
Hepliaklqana
Uskayaw

Shops:
D:1 [


Innate Abilities, Weirdness & Mutations

You are too large for most types of armour.
You have claws for hands.
Your natural rate of healing is unusually fast.
You are covered in fur. (AC +1)
You have tough skin. (AC +1)


Message History

You scratch the gnoll.
The gnoll is severely wounded.
The gnoll hits you with a +0 flail.
You scratch the gnoll.
You kill the gnoll!
You see here a +0 spear.
There is an open door here.
You start resting.
HP restored.
You see here a +0 spear.
You see here a potion of brilliance.
You see here a +0 flail.
The gnoll sergeant shouts!
Found a +0 spear.
You block the gnoll sergeant's attack.
You barely miss the gnoll sergeant. The gnoll sergeant barely misses you.
The gnoll sergeant blocks your attack.
The gnoll sergeant hits you with a +1 heavy trident!
You closely miss the gnoll sergeant. You claw the gnoll sergeant!
The gnoll sergeant is heavily wounded.
The gnoll sergeant hits you with a +1 heavy trident!!
The gnoll sergeant blocks your attack.
The gnoll sergeant is heavily wounded.
The gnoll sergeant hits you with a +1 heavy trident.
You barely miss the gnoll sergeant.
The gnoll sergeant is heavily wounded.
You claw the gnoll sergeant!
The gnoll sergeant is almost dead.
The gnoll sergeant hits you with a +1 heavy trident!
* * * LOW HITPOINT WARNING * * *
The gnoll sergeant blocks your attack.
The gnoll sergeant is almost dead.
The gnoll sergeant hits you with a +1 heavy trident!
* * * LOW HITPOINT WARNING * * *
You scratch the gnoll sergeant.
The gnoll sergeant is almost dead.
You block the gnoll sergeant's attack.
The gnoll sergeant attacks as it pursues you!
The gnoll sergeant hits you from afar with a +1 heavy trident.
You die...

#.......†.##...#.##.#
###.....)...._.#.##.#
##......##...#.##.# ♣♣♣♣
#......#⌠...#.##.# ...♣
##....)######....# ##
#..♣♣♣#####'### ######
...#..).♣♣♣ #)..###
...#.♣....♣♣##!#...#####
)..'.....@...).#.......#
..#..♣g.)♣♣####.......#
..#....♣♣♣ #.......###
#..♣♣♣ #.......... ..)♣
#.......### ♣♣♣♣
#.......# # #......##
#......# #......#


You could see a gnoll sergeant.

Vanquished Creatures
  An iguana (D:3)
  Robin (D:2)
  4 adders
  5 gnolls (D:3)
  A ribbon worm (D:2)
  3 dart slugs (D:2)
  3 ball pythons
  6 bats
  6 endoplasms
  2 giant cockroaches (D:1)
  16 goblins (D:2)
  8 hobgoblins
  2 quokkas (D:2)
  5 frilled lizards
  3 kobolds
  5 rats
71 creatures vanquished.

Notes
Turn   | Place    | Note
-------+----------+-------------------------------------------
     0 | D:1      | brinewave the Troll Fighter began the quest for the Orb.
     0 | D:1      | Reached XP level 1. HP: 22/22 MP: 0/0
   164 | D:1      | Found Gimiymopa's Antique Armour Shop.
   394 | D:1      | Reached XP level 2. HP: 29/29 MP: 1/1
   663 | D:2      | Reached XP level 3. HP: 36/36 MP: 2/2
   741 | D:2      | Reached skill level 1 in Throwing
   974 | D:2      | Noticed Robin
   987 | D:2      | Reached XP level 4. HP: 44/44 MP: 3/3
  1006 | D:2      | Killed Robin
  1200 | D:3      | Found a hide-covered altar of Uskayaw.
  1362 | D:3      | Reached XP level 5. HP: 45/53 MP: 4/4
  1375 | D:3      | Found a hazy altar of Hepliaklqana.
  1822 | D:3      | Slain by a gnoll sergeant

Illustrated notes

Levels and vault maps discovered:
D:1:      roderic_octagonal_star, layout_loops_ring, serial_shops, shop_statue
D:2:      layout_rooms, minmay_tromino_mix6, uniq_robin
D:3:      layout_basic, mainiacjoe_overflow_alcove_2,
          nicolae_overflow_crystal_walls, chequers_serial_rivers_small_b,
          pf_guarded_unrand_woodcutter

Skill      XL: |  1  2  3  4 |
---------------+-------------+-----
Shields        | 3 |  3.5
Throwing       | 1 |  1.9
Unarmed Combat | 3 |  3.9
Fighting       | 3 |  3.1
Dodging        | |  2.4

Action                     |  1- 3 |  4- 6 || total
---------------------------+-------+-------++-------
  Melee: Unarmed           |    95 |    94 ||   189
    Use: Scroll            |     2 |     1 ||     3
 Armour: Robe              |    68 |    68 ||   136
  Dodge: Dodged            |    33 |    37 ||    70
  Block: Kite shield       |    43 |    50 ||    93
